 Dungeon Crawl Stone Soup version 0.31-a0-1172-g9944ec47dd (webtiles) character file.

Game seed: 8194011471627029142

60822 Jeffwins the Thaumaturge (level 15, -5/73 HPs)
             Began as a Vine Stalker Necromancer on Dec 10, 2023.
             Was a High Priest of Vehumet.
             Slain by a +6 long sword (14 damage)
             ... on level 14 of the Dungeon.
             The game lasted 00:51:44 (23007 turns).

Jeffwins the Thaumaturge (VSNe)                    Turns: 23007, Time: 00:51:44

Health: -5/73      AC: 14    Str: 16      XL:     15   Next: 0%
Magic:  0/30       EV: 11    Int: 42 (45) God:    Vehumet [*****.]
Gold:   666        SH:  7    Dex: 14 (15) Spells: 4/34 levels left

rFire   + . .        a - +1 falchion "Peotead" {spect, rPois Int+4}
rCold   + . .        b - +2 buckler {rN+}
rNeg    + + +        C - +2 leather armour {rF+}
rPois   +            m - +0 helmet
rElec   +            Q - +2 cloak {Will+}
rCorr   .            q - +0 pair of gloves
SInv    .            T - +0 pair of boots of Follow the Leader {Drain Str+4 Int+8}
Will    ++...        (no amulet)
Stlth   +++          G - ring of Fragile Peace {Contam rElec rPois rC+ rN++ Int+6}
HPRegen 1.12/turn    I - +6 ring of intelligence
MPRegen 0.22/turn

%: guardian spirit
@: no status effects
A: fangs 3, regeneration 1, magic shield, antimagic bite, no potion heal 2,
iridescent scales 1, deterioration 1
a: Renounce Religion


You were on level 14 of the Dungeon.
You worshipped Vehumet.
Vehumet was extremely pleased with you.
You visited 3 branches of the dungeon, and saw 20 of its levels.
You also visited: Volcano.

You collected 1763 gold pieces.
You spent 1097 gold pieces at shops.


Innate Abilities, Weirdness & Mutations

You have razor-sharp teeth.
Your natural rate of healing is unusually fast.
When hurt, damage is shared between your health and your magic reserves.
Your bite disrupts and absorbs the magic of your enemies.
Potions cannot restore your health.
You are partially covered in iridescent scales. (AC +2)
Your body sometimes deteriorates upon taking damage.


   Skills:
 + Level 6.2 Fighting
 - Level 5.0 Armour
 - Level 2.0 Dodging
 - Level 5.0 Stealth
 + Level 3.2 Shields
 * Level 10.2 Spellcasting
 * Level 6.9 Conjurations
 - Level 8.0 Summonings
 - Level 10.0 Necromancy
 * Level 9.4 Fire Magic
 * Level 8.6 Air Magic
 * Level 8.1 Earth Magic
 - Level 6.0 Poison Magic
 + Level 4.9 Evocations


You had 4 spell levels left.
You knew the following spells:

 Your Spells              Type           Power      Damage    Failure   Level
b - Borgnjor's Vile Clut  Necr/Erth      39%        N/A       1%          5
c - Airstrike             Air            38%        2d(6-22)  1%          4
k - Vampiric Draining     Necr           81%        2d11      1%          3
m - Mephitic Cloud        Conj/Pois/Air  69%        N/A       1%          3
v - Call Canine Familiar  Summ           73%        N/A       1%          3
x - Fireball              Conj/Fire      37%        3d15      1%          5
z - Foxfire               Conj/Fire      100%       2x1d9     1%          1
X - Plasma Beam           Fire/Air       39%        2x1d52    2%          6

Your spell library contained the following spells:

 Spells                   Type           Power      Damage    Failure   Level
 Arcjolt                  Conj/Air       36%        1d46      1%          5
 Magic Dart               Conj           100%       1d8       1%          1
 Necrotise                Necr           100%       1d9       1%          1
 Call Imp                 Summ           100%       N/A       1%          2
 Searing Ray              Conj           100%       2d8       1%          2
 Sublimation of Blood     Necr           81%        N/A       1%          2
 Hailstorm                Conj/Ice       50%        3d10      1%          3
 Animate Dead             Necr           81%        N/A       1%          4
 Fulminant Prism          Conj/Hex       25%        3d14      1%          4
 Slow                     Hex            84%        N/A       2%          1
 Wereblood                Tmut           21%        N/A       3%          2
 Anguish                  Hex/Necr       29%        N/A       3%          4
 Leda's Liquefaction      Hex/Erth       26%        N/A       4%          4
 Summon Ice Beast         Ice/Summ       53%        N/A       4%          4
 Confusing Touch          Hex            21%        N/A       7%          3
 Sigil of Binding         Hex            21%        N/A       7%          3
 Cause Fear               Hex            10%        N/A       24%         4
 Dimensional Bullseye     Hex/Tloc       10%        N/A       24%         4
 Passage of Golubria      Tloc           21%        N/A       24%         4
 Agony                    Necr           81%        N/A       1%          5
 Starburst                Conj/Fire      37%        6d11      3%          6
 Conjure Ball Lightning   Conj/Air       36%        3x3d12    4%          6
 Death Channel            Necr           40%        N/A       6%          6
 Silence                  Hex/Air        27%        N/A       11%         5
 Simulacrum               Ice/Necr       29%        N/A       43%         6
 Summon Hydra             Summ           36%        N/A       58%         7
 Lehudib's Crystal Spear  Conj/Erth      35%        10d9      83%         8
 Enfeeble                 Hex            10%        N/A       100%        7
 Discord                  Hex            10%        N/A       100%        8
 Disjunction              Tloc           10%        N/A       100%        8
 Dragon's Call            Summ           36%        N/A       100%        9

Inventory:

Hand Weapons
 a - the +1 falchion "Peotead" (weapon) {spect, rPois Int+4}
   (You found it on level 6 of the Dungeon)

   Int+4:     It affects your intelligence (+4).
   rPois:     It protects you from poison
 F - a +3 trident of venom
Missiles
 h - 9 throwing nets {=f}
 n - 30 poisoned darts (quivered)
 E - 3 curare-tipped darts {=f}
Armour
 b - a +2 buckler of positive energy (worn)
 d - the +0 ring mail of Leofis {Slay+5}
   (You found it on level 2 of the Dungeon)

   Slay+5:    It affects your accuracy & damage with ranged weapons and melee
   (+5).
 j - the +2 pair of slick slippers {slick, slippery, EV+4}
   (You found it on level 3 of the Dungeon)

   Slick:     Its wearer cannot be constricted, engulfed, netted or webbed.
   Slippery:  Its wearer slips away from damaging melee attacks, pulling the
   attacker onward.
   EV+4:      It affects your evasion (+4).
 m - a +0 helmet (worn)
 q - a +0 pair of gloves (worn)
 C - a +2 leather armour of fire resistance (worn)
 D - +0 fire dragon scales
 O - a +1 pair of boots of rampaging
 P - a +2 cloak of fire resistance
 Q - a +2 cloak of willpower (worn)
 T - the +0 pair of boots of Follow the Leader (worn) {Drain Str+4 Int+8}
   (You found it on level 5 of the Lair of Beasts)

   Str+4:     It affects your strength (+4).
   Int+8:     It affects your intelligence (+8).
   Drain:     It drains your maximum health when unequipped.
 Z - a +1 robe of cold resistance
Jewellery
 o - a +4 ring of protection
 G - the ring of Fragile Peace (left hand) {Contam rElec rPois rC+ rN++ Int+6}
   (You acquired it on level 7 of the Dungeon)

   [ring of intelligence]

   Int+6:     It affects your intelligence (+6).
   rC+:       It protects you from cold.
   rElec:     It insulates you from electricity.
   rPois:     It protects you from poison rN++: It greatly protects you from
   negative energy.
   Contam:    It causes magical contamination when unequipped.
 I - a +6 ring of intelligence (right hand)
 M - a ring of willpower
 X - a +6 ring of dexterity
Wands
 g - a wand of light (4)
 l - a wand of paralysis (13)
 s - a wand of roots (5)
 y - a wand of flame (18)
 R - a wand of polymorph (12)
 Y - a wand of digging (7)
Scrolls
 e - 2 scrolls of enchant armour
 f - 12 scrolls of teleportation {@r4}
 k - 2 scrolls of vulnerability {!r}
 t - 4 scrolls of revelation
 v - 2 scrolls of enchant weapon
 x - 4 scrolls of blinking
 A - 3 scrolls of amnesia
 J - 2 scrolls of fog
 U - a scroll of immolation {!r}
 W - a scroll of poison
Potions
 c - 11 potions of curing {@q1}
 i - 3 potions of magic
 p - 6 potions of enlightenment
 r - 2 potions of brilliance
 u - 2 potions of lignification {!q}
 z - a potion of haste {@q3}
 B - 2 potions of resistance
 K - 2 potions of ambrosia
 N - 3 potions of might
 S - 2 potions of invisibility {unknown}
Miscellaneous
 w - a box of beasts
 H - a condenser vane

Dungeon Overview and Level Annotations

Branches:
Dungeon (14/15)            Temple (1/1) D:5            Lair (5/5) D:11
  Swamp (0/4) Lair:2       Spider (0/4) Lair:2        Slime (0/5) Lair:4
    Orc (0/2) D:12        Volcano (visited)
 Vaults: D:13-14

Altars:
Ashenzari
Cheibriados
Dithmenos
Elyvilon
Fedhas
Gozag
Hepliaklqana
Kikubaaqudgha
Makhleb
Nemelex Xobeh
Okawaru
Qazlal
Ru
Sif Muna
Trog
Uskayaw
Vehumet
Wu Jian
Xom
Yredelemnul
Zin
The Shining One

Shops:
D:7

*?=?[ ... ... ...
#.## ...# ####..###
#<....#.. ..[ #
#.#...#.# ..##.#
...#@..#.# ...#{#.
#.#.#.{.#.##.......
#.#.#..^...........
#.....#..###.......
#####.#.........!..
....>.#..!..##.
......+..........
#######.....##...
#.....# .


You could see a +6 long sword (clutched).


Message History

The zombie hands constrict the +6 long sword.
The +6 long sword hits you!! The +6 long sword hits you!
Your body deteriorates!
You feel dopey.
Casting: Borgnjor's Vile Clutch (dangerous; 1% risk of failure)
Confirm with . or Enter, or press ? or * to list all spells.
Okay, then.
Casting: Borgnjor's Vile Clutch (dangerous; 1% risk of failure)
Confirm with . or Enter, or press ? or * to list all spells.
Aiming: Airstrike (safe; 1% risk of failure)
Press: ? - help, Dir - move target, f/p - +6 long sword
Aim: a +6 long sword (moderately damaged, constricted by zombie hands, empty space bonus: 7/8)
The air twists around and strikes the +6 long sword!
The +6 long sword is heavily damaged.
The zombie hands constrict the +6 long sword.
The +6 long sword hits you!!
* * * LOW HITPOINT WARNING * * *
Unknown command.
Casting: Airstrike (safe; 1% risk of failure)
Confirm with . or Enter, or press ? or * to list all spells.
Aiming: Airstrike (safe; 1% risk of failure)
Press: ? - help, Dir - move target, f/p - +6 long sword
Aim: a +6 long sword (heavily damaged, constricted by zombie hands, empty space bonus: 7/8)
The air twists around and strikes the +6 long sword.
The +6 long sword is severely damaged.
The zombie hands constrict the +6 long sword.
The +6 long sword hits you!!
* * * LOW HITPOINT WARNING * * *
Your body deteriorates!
You feel dopey. The +6 long sword hits you!
You die...

Skill      XL: |  1  2  3  4  5  6  7  8  9 10 11 12 13 14 |
---------------+-------------------------------------------+-----
Fighting       | 1 2 3 4 5 6 |  6.2
Stealth        | 3 4 5 |  5.0
Spellcasting   | 3 4 5 6 7 8 9 10 | 10.2
Summonings     | 1 2 3 4 5 6 7 8 |  8.0
Dodging        | 2 |  2.0
Armour         | 1 2 3 4 5 |  5.0
Necromancy     | 5 6 7 8 9 10 | 10.0
Conjurations   | 1 3 4 5 6 |  6.9
Fire Magic     | 1 3 4 5 6 7 8 9 |  9.4
Air Magic      | 1 3 4 5 6 7 8 |  8.6
Poison Magic   | 2 3 4 5 6 |  6.0
Earth Magic    | 1 3 4 5 6 8 |  8.1
Evocations     | 1 2 3 4 |  4.9
Shields        | 1 3 |  3.2

Action                     |  1- 3 |  4- 6 |  7- 9 | 10-12 | 13-15 || total
---------------------------+-------+-------+-------+-------+-------++-------
  Melee: Unarmed           |     3 |       |       |       |       ||     3
         Dagger            |    10 |    31 |    90 |       |       ||   131
         Bite              |     4 |    12 |    51 |   116 |    75 ||   258
         Punch             |     1 |       |     3 |     6 |       ||    10
         Falchion          |       |       |    55 |   287 |   182 ||   524
   Fire: Sling             |    56 |       |       |       |       ||    56
  Throw: Dart              |       |       |       |     8 |    18 ||    26
   Cast: Necrotise         |    35 |    26 |       |       |       ||    61
         Foxfire           |       |     1 |   161 |   364 |   171 ||   697
         Call Canine Famil |       |     1 |     2 |    23 |    19 ||    45
         Mephitic Cloud    |       |       |       |     2 |     6 ||     8
         Fireball          |       |       |       |     9 |   181 ||   190
         Borgnjor's Vile C |       |       |       |     2 |    18 ||    20
         Airstrike         |       |       |       |    17 |     8 ||    25
         Plasma Beam       |       |       |       |       |     7 ||     7
         Vampiric Draining |       |       |       |       |     4 ||     4
  Evoke: Wand              |       |       |       |       |    10 ||    10
         Condenser vane    |       |       |       |       |     2 ||     2
    Use: Potion            |     4 |     1 |       |       |       ||     5
         Scroll            |       |       |     5 |    11 |    11 ||    27
   Stab: Sleeping          |       |       |     1 |     4 |       ||     5
         Distracted        |       |       |       |     3 |     2 ||     5
         Confused          |       |       |       |     1 |     2 ||     3
         Paralysed         |       |       |       |       |    22 ||    22
         Invisible         |       |       |       |       |     1 ||     1
 Armour: Robe              |    53 |     3 |       |       |   143 ||   199
         Ring mail         |       |    17 |    99 |   312 |    48 ||   476
         Leather armour    |       |       |       |       |    12 ||    12
  Dodge: Dodged            |    44 |    14 |   135 |   370 |   140 ||   703
  Block: Buckler           |       |       |       |       |    32 ||    32

Levels and vault maps discovered:
D:1:      lemuel_arrival_room, layout_loops_ring
D:2:      minmay_diamond_boxcup, layout_loops_cross, uniq_natasha
D:3:      layout_loops_corners, mainiacjoe_overflow_concentric_impassable,
          mainiacjoe_overflow_cross_hatched, uniq_jessica, uniq_grinder
D:4:      layout_cave_pools, mainiacjoe_overflow_alcove_1
D:5:      layout_loops_corners, minmay_temple_entry_nine_rooms,
          gammafunk_ghost_arena
D:6:      layout_rooms, mainiacjoe_overflow_boulevard, tso_altar, trog_wizard
D:7:      layout_basic, mainiacjoe_overflow_six_doors_small,
          nicolae_wooded_promenade, uniq_pikel, uniq_maurice, uniq_menkaure
D:8:      layout_loops_ring, gammafunk_ghost_stat_death, minmay_misc_feat_rows,
          uniq_grum
D:9:      layout_roguey, lemuel_doored_altar, nicolae_overflow_hidden_temple,
          nicolae_overflow_crystal_walls, uniq_harold
D:10:     layout_stronghold
D:11:     layout_roguey, lair_entry_dummy
D:12:     layout_gridville, orc_0_dummy
D:13:     layout_rooms
D:14:     layout_basic, erik_vaults_1, serial_rivers,
          chequers_serial_rivers_room_b, chequers_serial_rivers_micro_a,
          chequers_serial_rivers_large_b, chequers_serial_rivers_marsh,
          grunt_dithmenos_smoke, nooodl_orcs_dogs, uniq_nessos, uniq_roxanne
Temple:   minmay_temple_bridge_abc
Lair:1:   layout_regular_city, lemuel_oklob_altar, grunt_megastairs_2,
          serial_bayou_shore_a, infiniplex_staircase_pool
Lair:2:   layout_hall_layers, mainiacjoe_swamp_entry_lozenge_pond,
          nicolae_spider_entry_tight_spaces, nicolae_volcano_entry_s_turn
Lair:3:   layout_gridlike, grunt_megastairs_5, uniq_fannar
Lair:4:   layout_roguey, slime_entry_2, nzn_masters_of_martial_movement,
          grunt_megastairs_4, uniq_sonja, uniq_kirke
Lair:5:   minmay_lair_end_enchanted_forest, layout_regular_city

Notes
Turn   | Place    | Note
-------+----------+-------------------------------------------
     0 | D:1      | Jeffwins the Vine Stalker Necromancer began the quest for
                  | the Orb.
     0 | D:1      | Reached XP level 1. HP: 9/9 MP: 4/4
   264 | D:1      | Reached XP level 2. HP: 13/13 MP: 3/6
   961 | D:2      | Reached XP level 3. HP: 17/17 MP: 5/7
   994 | D:2      | Learned a level 3 spell: Call Canine Familiar
  1168 | D:2      | Reached skill level 1 in Fighting
  1252 | D:2      | Gained mutation: Armour fits poorly on your strangely
                  | shaped body. [potion of mutation]
  1252 | D:2      | Gained mutation: Your flesh is heat resistant. (rF+)
                  | [potion of mutation]
  1252 | D:2      | Gained mutation: Your magical capacity is low. (-10% MP)
                  | [potion of mutation]
  1256 | D:2      | HP: 1/18 [howler monkey (6)]
  1260 | D:2      | Reached skill level 3 in Stealth
  1260 | D:2      | Reached skill level 3 in Spellcasting
  1260 | D:2      | Reached skill level 1 in Summonings
  1260 | D:2      | Reached XP level 4. HP: 5/22 MP: 8/8
  1260 | D:2      | Lost mutation: Your magical capacity is low. (-10% MP)
                  | [potion of mutation]
  1260 | D:2      | Lost mutation: Your flesh is heat resistant. (rF+) [potion
                  | of mutation]
  1260 | D:2      | Lost mutation: Armour fits poorly on your strangely shaped
                  | body. [potion of mutation]
  1260 | D:2      | Gained mutation: You are partially covered in iridescent
                  | scales. (AC +2) [potion of mutation]
  1260 | D:2      | Gained mutation: Your body sometimes deteriorates upon
                  | taking damage. [potion of mutation]
  1371 | D:2      | Noticed Natasha
  1380 | D:2      | Killed Natasha
  1381 | D:2      | Reached skill level 2 in Dodging
  1381 | D:2      | Reached XP level 5. HP: 23/25 MP: 2/10
  1430 | D:2      | Identified the +0 ring mail of Leofis {Slay+5}
  1505 | D:2      | Noticed Natasha
  1513 | D:2      | Killed Natasha
  1829 | D:3      | Noticed Jessica
  1832 | D:3      | Killed Jessica
  1970 | D:3      | Found a burning altar of Makhleb.
  2108 | D:2      | Noticed Natasha
  2114 | D:2      | Killed Natasha
  2184 | D:2      | Reached XP level 6. HP: 30/30 MP: 8/12
  2702 | D:3      | Noticed Grinder
  2709 | D:3      | Killed Grinder
  2710 | D:3      | Reached skill level 2 in Fighting
  2710 | D:3      | Reached skill level 1 in Armour
  2710 | D:3      | Reached skill level 2 in Summonings
  2710 | D:3      | Reached skill level 5 in Necromancy
  2717 | D:3      | Learned a level 1 spell: Foxfire
  2864 | D:3      | Found a blossoming altar of Fedhas.
  3115 | D:3      | Reached XP level 7. HP: 30/35 MP: 11/13
  3154 | D:3      | Found the +2 pair of slick slippers {slick, slippery, EV+4}
  3448 | D:4      | Reached skill level 4 in Spellcasting
  3635 | D:4      | Found a glowing silver altar of Zin.
  3828 | D:4      | Reached skill level 1 in Conjurations
  3828 | D:4      | Reached skill level 3 in Summonings
  3892 | D:4      | Reached skill level 1 in Fire Magic
  3897 | D:4      | Identified the -1 cloak "Gakec" {Str+5 Stlth-}
  4043 | D:4      | You fall into a shaft and drop 1 floor!
  4043 | D:5      | Entered Level 5 of the Dungeon
  4228 | D:5      | Reached skill level 4 in Stealth
  4355 | D:5      | Learned a level 3 spell: Vampiric Draining
  4470 | D:5      | Found a transporter.
  4490 | D:5      | Found a transporter.
  4490 | D:5      | Noticed Curundu's ghost (amateur DrBe)
  4509 | D:5      | Gained mutation: You have razor-sharp teeth. [Vine Stalker
                  | growth]
  4509 | D:5      | Reached XP level 8. HP: 39/39 MP: 1/15
  4664 | D:5      | Reached skill level 2 in Conjurations
  4664 | D:5      | Reached skill level 2 in Fire Magic
  5109 | D:5      | Found a staircase to the Ecumenical Temple.
  5119 | Temple   | Entered the Ecumenical Temple
  5431 | D:6      | Identified the +1 falchion "Peotead" {spect, rPois Int+4}
  5505 | D:6      | Found a bloodstained altar of Trog.
  5506 | D:6      | Noticed an arcanist
  5511 | D:6      | Killed an arcanist
  5516 | D:6      | Learned a level 3 spell: Mephitic Cloud
  5584 | D:6      | Reached skill level 6 in Necromancy
  5644 | D:6      | Reached skill level 4 in Summonings
  5646 | D:6      | Found a radiant altar of Vehumet.
  5653 | D:6      | Reached skill level 5 in Spellcasting
  5665 | D:6      | Became a worshipper of Vehumet
  5703 | D:6      | Found a glowing golden altar of the Shining One.
  5867 | D:7      | Reached skill level 2 in Armour
  5867 | D:7      | Reached skill level 3 in Conjurations
  5867 | D:7      | Reached skill level 3 in Fire Magic
  5867 | D:7      | Reached skill level 1 in Air Magic
  5924 | D:7      | Reached XP level 9. HP: 43/43 MP: 17/17
  5926 | D:7      | Reached skill level 1 in Poison Magic
  6000 | D:7      | Noticed Pikel
  6015 | D:7      | Paralysed by Pikel for 5 turns
  6021 | D:7      | Killed Pikel
  6022 | D:7      | Reached skill level 3 in Fighting
  6022 | D:7      | Reached skill level 5 in Stealth
  6022 | D:7      | Reached skill level 2 in Air Magic
  6077 | D:7      | Found a broken altar of Ashenzari.
  6097 | D:7      | Reached * piety under Vehumet
  6097 | D:7      | Offered knowledge of Sandblast by Vehumet.
  6103 | D:7      | Reached skill level 4 in Conjurations
  6219 | D:7      | Learned a level 5 spell: Borgnjor's Vile Clutch
  6241 | D:7      | Reached skill level 2 in Poison Magic
  6340 | D:7      | Found Kafiel's General Store.
  6346 | D:7      | Found Jasuvit's Magic Scroll Emporium.
  6348 | D:7      | Found Gaextuan's Magic Scroll Shop.
  6350 | D:7      | Found Jiul Ace's Jewellery Boutique.
  6350 | D:7      | Found Vasonolomink's Armour Emporium.
  6686 | D:7      | Noticed Menkaure
  6692 | D:7      | Killed Menkaure
  6693 | D:7      | Reached skill level 4 in Fire Magic
  6739 | D:7      | Noticed Maurice
  6754 | D:7      | Maurice stole a +2 trident of flaming
  6757 | D:7      | Killed Maurice
  6758 | D:7      | Reached skill level 5 in Summonings
  6758 | D:7      | Reached skill level 3 in Air Magic
  6758 | D:7      | Reached skill level 1 in Earth Magic
  6758 | D:7      | Reached XP level 10. HP: 47/49 MP: 16/19
  6868 | D:8      | Found a transporter.
  6876 | D:8      | Found a transporter.
  6877 | D:8      | Noticed xnavy's ghost (novice GnRe)
  6913 | D:8      | Reached skill level 6 in Spellcasting
  6913 | D:8      | Reached skill level 1 in Evocations
  7011 | D:8      | Reached skill level 7 in Necromancy
  7029 | D:8      | Reached skill level 2 in Earth Magic
  7255 | D:8      | Noticed Grum
  7264 | D:8      | Killed Grum
  7723 | D:9      | Reached skill level 3 in Armour
  7733 | D:9      | Reached skill level 5 in Conjurations
  7763 | D:9      | Learned a level 5 spell: Fireball
  7927 | D:9      | Reached skill level 4 in Air Magic
  7937 | D:9      | Reached skill level 5 in Fire Magic
  7981 | D:9      | Reached skill level 3 in Earth Magic
  7981 | D:9      | Reached XP level 11. HP: 53/53 MP: 21/21
  8005 | D:9      | Reached skill level 2 in Evocations
  8028 | D:9      | Found a stormy altar of Qazlal.
  8094 | D:9      | Offered knowledge of Poisonous Vapours by Vehumet.
  8099 | D:9      | Reached ** piety under Vehumet
  8102 | D:9      | Noticed Harold
  8176 | D:9      | Killed Harold
  8177 | D:9      | Reached skill level 6 in Summonings
  8368 | D:9      | Found a snail-covered altar of Cheibriados.
  8378 | D:9      | Reached skill level 4 in Fighting
  8378 | D:9      | Reached skill level 3 in Poison Magic
  8469 | D:9      | Found a white marble altar of Elyvilon.
  8584 | D:10     | Entered Level 10 of the Dungeon
  8646 | D:10     | Offered knowledge of Stone Arrow by Vehumet.
  8900 | D:10     | Reached skill level 7 in Spellcasting
  8910 | D:10     | Reached *** piety under Vehumet
  9041 | D:10     | Noticed a soul eater
  9297 | D:10     | Reached skill level 5 in Air Magic
  9300 | D:10     | Reached skill level 4 in Earth Magic
  9305 | D:10     | Reached skill level 6 in Conjurations
  9312 | D:10     | Offered knowledge of Airstrike by Vehumet.
  9313 | D:10     | Reached skill level 8 in Necromancy
  9563 | D:7      | Bought a scroll of acquirement for 676 gold pieces
  9563 | D:7      | Acquired the ring of Fragile Peace {Contam rElec rPois rC+
                  | rN++ Int+6}
  9709 | D:8      | Killed xnavy's ghost
 10020 | D:11     | Noticed a cyclops
 10028 | D:11     | Killed a cyclops
 10029 | D:11     | Reached skill level 6 in Fire Magic
 10201 | D:11     | Reached XP level 12. HP: 57/58 MP: 24/24
 10206 | D:11     | Learned a level 4 spell: Airstrike
 10215 | D:11     | Noticed a boulder beetle
 10235 | D:11     | Killed a boulder beetle
 10360 | D:11     | Noticed a centaur warrior
 10362 | D:11     | Noticed a boulder beetle
 10366 | D:11     | Killed a centaur warrior
 10369 | D:11     | Found a staircase to the Lair.
 10382 | D:11     | Killed a boulder beetle
 10383 | D:11     | Reached skill level 7 in Summonings
 10657 | D:11     | Reached **** piety under Vehumet
 10869 | D:11     | Reached skill level 3 in Evocations
 11059 | D:12     | Reached skill level 4 in Poison Magic
 11235 | D:12     | Found a staircase to the Orcish Mines.
 11790 | D:12     | Reached skill level 5 in Earth Magic
 11807 | D:12     | Reached skill level 8 in Spellcasting
 11855 | D:12     | Offered knowledge of Frozen Ramparts by Vehumet.
 11856 | D:12     | Reached skill level 4 in Armour
 11870 | D:12     | Reached skill level 6 in Air Magic
 12303 | Lair:1   | Entered Level 1 of the Lair of Beasts
 13240 | Lair:1   | Found a basalt altar of Yredelemnul.
 13589 | Lair:2   | Reached skill level 7 in Fire Magic
 13606 | Lair:2   | Reached skill level 5 in Fighting
 13693 | Lair:2   | Noticed a seven-headed hydra
 13698 | Lair:2   | Killed a seven-headed hydra
 13779 | Lair:2   | Reached XP level 13. HP: 57/63 MP: 9/26
 13955 | Lair:2   | Found a dark tunnel.
 13960 | Volcano  | Entered a volcano
 14003 | Volcano  | Found a burning altar of Makhleb.
 14012 | Volcano  | Reached skill level 9 in Necromancy
 14052 | Volcano  | Noticed a fire dragon
 14064 | Volcano  | Killed a fire dragon
 14530 | Lair:2   | Reached skill level 8 in Summonings
 14685 | Lair:2   | Reached skill level 6 in Earth Magic
 14707 | Lair:2   | Reached ***** piety under Vehumet
 14732 | Lair:2   | Reached skill level 4 in Evocations
 14813 | Lair:2   | Found a staircase to the Swamp.
 14857 | Lair:2   | Offered knowledge of Bombard by Vehumet.
 14858 | Lair:2   | Reached skill level 5 in Poison Magic
 14949 | Lair:2   | Found a hole to the Spider Nest.
 14979 | Lair:2   | Reached skill level 7 in Air Magic
 15582 | D:7      | Bought a scroll of identify for 26 gold pieces
 15582 | D:7      | Bought a scroll of teleportation for 39 gold pieces
 15582 | D:7      | Bought a scroll of identify for 26 gold pieces
 15582 | D:7      | Bought a scroll of identify for 26 gold pieces
 15582 | D:7      | Bought a scroll of teleportation for 39 gold pieces
 15582 | D:7      | Bought a scroll of identify for 26 gold pieces
 15582 | D:7      | Bought a scroll of blinking for 97 gold pieces
 15582 | D:7      | Bought a scroll of amnesia for 52 gold pieces
 15584 | D:7      | Bought 3 scrolls of identify for 90 gold pieces
 15617 | D:7      | Identified 2 potions of resistance
 15804 | D:5      | Killed Curundu's ghost
 16533 | Lair:3   | Reached skill level 9 in Spellcasting
 16806 | Lair:3   | Noticed Fannar
 16813 | Lair:3   | Killed Fannar
 16814 | Lair:3   | Reached skill level 1 in Shields
 16951 | Lair:3   | Learned a level 6 spell: Plasma Beam
 17056 | Lair:4   | Noticed Kirke
 17058 | Lair:4   | Noticed a sphinx
 17062 | Lair:3   | Killed Kirke
 17063 | Lair:3   | Reached skill level 8 in Fire Magic
 17483 | Lair:4   | Noticed Sonja
 17485 | Lair:4   | Killed Sonja
 17628 | Lair:4   | Found a hide-covered altar of Uskayaw.
 17828 | Lair:4   | Reached XP level 14. HP: 69/69 MP: 20/28
 17907 | Lair:4   | Found an ornate altar of the Wu Jian Council.
 17924 | Lair:4   | Reached skill level 7 in Earth Magic
 18236 | Lair:4   | Found a staircase to the Slime Pits.
 18735 | Lair:5   | Entered Level 5 of the Lair of Beasts
 19067 | Lair:5   | Identified the +0 pair of boots of Follow the Leader {Drain
                  | Str+4 Int+8}
 19091 | Lair:5   | Reached skill level 2 in Shields
 19265 | Lair:4   | Reached skill level 5 in Armour
 19265 | Lair:4   | Reached skill level 10 in Necromancy
 20059 | Lair:5   | Reached skill level 8 in Air Magic
 20755 | Lair:5   | Reached skill level 6 in Fighting
 20777 | Lair:5   | Offered knowledge of Arcjolt by Vehumet.
 20779 | Lair:5   | Reached skill level 9 in Fire Magic
 21092 | Lair:5   | Reached skill level 10 in Spellcasting
 21202 | Lair:5   | Reached skill level 3 in Shields
 22040 | D:13     | Reached skill level 8 in Earth Magic
 22538 | D:13     | Reached skill level 6 in Poison Magic
 22771 | D:13     | Reached XP level 15. HP: 61/73 MP: 12/30
 23007 | D:14     | Slain by a +6 long sword

Vanquished Creatures
  Kirke (Lair:3)
  A fire dragon (Volcano)
  Harold (D:9)
  Fannar (Lair:3)
  2 hydras
  A two-headed ogre (D:13)
  2 centaur warriors (D:13)
  An alligator (Lair:2)
  4 boulder beetles
  A tengu warrior (D:13)
  Sonja (Lair:4)
  15 spriggans (Lair:5)
  The ghost of xnavy the Spear-Bearer, a novice GnRe of Gozag (D:8)
  Pikel (D:7)
  2 lindwurms
  2 ugly things (D:13)
  3 manticores
  Maurice (D:7)
  An oklob plant (Lair:1)
  4 cyclopes
  3 black mambas
  10 cane toads
  5 elephants (Lair:2)
  A gargoyle (D:12)
  2 molten gargoyles (Volcano)
  A rime drake (shapeshifter) (D:13)
  5 kobold demonologists
  A rime drake (Lair:3)
  An unseen horror (D:12)
  10 komodo dragons
  5 polar bears
  The ghost of Curundu the Chopper, an amateur DrBe of Trog (D:5)
  27 blink frogs
  7 hornets
  A dream sheep (Lair:5)
  Grinder (D:3)
  A jumping spider (Lair:2)
  2 slime creatures (D:12)
  A culicivora (shapeshifter) (D:13)
  2 vampires (D:12)
  49 yaks
  6 fire bats (Volcano)
  Grum (D:8)
  3 wraiths
  2 basilisks
  3 humans
  4 redbacks (Lair:2)
  A steam dragon (Volcano)
  3 vampire mosquitoes (D:12)
  Menkaure (D:7)
  An acid dragon (D:11)
  13 water moccasins
  4 orc warriors
  2 sky beasts (D:7)
  9 black bears
  3 ice beasts
  3 boggarts (Lair:5)
  28 wolves
  8 centaurs
  A phantom (D:5)
  5 kobold brigands
  11 bullfrogs
  4 gnoll sergeants
  5 scorpions
  A wight (D:9)
  4 killer bees (D:10)
  3 howler monkeys
  2 electric eels (D:7)
  4 jellies
  A lava snake (Volcano)
  3 hounds
  2 quasits (D:8)
  4 orc priests
  Jessica (D:3)
  A sleepcap (D:3)
  Natasha (thrice) (D:2)
  4 iguanas
  An orc wizard (D:7)
  22 gnolls
  7 adders
  A shadow imp (D:8)
  3 white imps (D:5)
  2 ufetubi (D:5)
  20 orcs
  2 bats (D:2)
  8 endoplasms
  4 giant cockroaches
  6 goblins
  10 hobgoblins
  A jackal (D:2)
  24 kobolds
  3 quokkas
  7 ball pythons
  4 frilled lizards
  8 rats
469 creatures vanquished.

Vanquished Creatures (collateral kills)
  A centaur warrior (D:11)
  A cane toad (Lair:3)
  A komodo dragon (Lair:1)
  2 blink frogs
  A slime creature (D:12)
  A yak (D:10)
  A vampire (D:11)
  A vampire mosquito (D:12)
  A water moccasin (Lair:2)
  2 wolves
  A bullfrog (Lair:2)
  4 quasits (D:8)
  A hobgoblin (D:2)
  A ball python (D:2)
  5 foxfires
24 creatures vanquished.

Vanquished Creatures (others)
  An arcanist (D:6)
  1232 foxfires
  A spectral weapon (Lair:2)
1234 creatures vanquished.

Grand Total: 1727 creatures vanquished

Table legend: (Time is in decaauts)
 A = Elapsed time spent in this place.
 B = Non-inter-level travel time spent in this place.
 C = Inter-level travel time spent in this place.
 D = Time resting spent in this place.
 E = Time spent auto-exploring this place.
 F = Levels seen in this place.
 G = Mean time per level.
                   A        B        C        D        E       F      G
               +--------+--------+--------+--------+--------+-----+--------+
         Total |  23246 |  21067 |   2179 |   3054 |  13942 |  21 | 1107.0 |
       Dungeon |  14165 |  12383 |   1782 |    993 |   8907 |  14 | 1011.8 |
        Temple |      1 |      1 |      0 |      0 |      0 |   1 |    1.0 |
          Lair |   8616 |   8219 |    397 |   1832 |   5007 |   5 | 1723.2 |
       Volcano |    462 |    462 |      0 |    229 |     28 |   1 |  462.0 |
               +--------+--------+--------+--------+--------+-----+--------+

Top non-repeatable levels by time:
  Lair:5: 2223 daAuts
  Lair:4: 2000 daAuts
    D:12: 1739 daAuts
     D:2: 1690 daAuts
  Lair:3: 1541 daAuts
  Lair:2: 1505 daAuts
     D:5: 1367 daAuts
  Lair:1: 1345 daAuts
     D:7: 1216 daAuts
    D:10: 1180 daAuts
     D:8: 1087 daAuts
     D:9: 1034 daAuts
     D:3: 1014 daAuts
    D:11: 963 daAuts
    D:13: 839 daAuts

Table legend:
 A = Non-vault XP
 B = Vault XP
 C = Vault XP percentage of total XP
 D = Non-vault monster count
 E = Vault monster count
 F = Vault count percentage of total count
                 A         B        C        D         E       F
            +---------+---------+-------+---------+---------+-------
      Total |   57883 |   29006 |  33.4 |     364 |     121 |  24.9
            +---------+---------+-------+---------+---------+-------
        D:1 |      22 |       0 |   0.0 |      13 |       0 |   0.0
        D:2 |     188 |      72 |  27.7 |      24 |       9 |  27.3
        D:3 |     102 |     295 |  74.3 |      12 |       2 |  14.3
        D:4 |     198 |       0 |   0.0 |      15 |       0 |   0.0
        D:5 |     773 |     549 |  41.5 |      14 |       4 |  22.2
        D:6 |     549 |       0 |   0.0 |      13 |       0 |   0.0
        D:7 |    1450 |    1392 |  49.0 |      25 |       3 |  10.7
        D:8 |    1662 |    1443 |  46.5 |      15 |      10 |  40.0
        D:9 |    4118 |     871 |  17.5 |      35 |       1 |   2.8
       D:10 |    4304 |       0 |   0.0 |      42 |       0 |   0.0
       D:11 |    4389 |       0 |   0.0 |      15 |       0 |   0.0
       D:12 |    5089 |       0 |   0.0 |      22 |       0 |   0.0
       D:13 |    6845 |       0 |   0.0 |      16 |       0 |   0.0
     Lair:1 |     998 |    1603 |  61.6 |       6 |       5 |  45.5
     Lair:2 |    7630 |    2201 |  22.4 |      27 |       7 |  20.6
     Lair:3 |    2339 |    3040 |  56.5 |       8 |       4 |  33.3
     Lair:4 |    6083 |    3814 |  38.5 |      25 |      18 |  41.9
     Lair:5 |   11144 |    9972 |  47.2 |      37 |      46 |  55.4
    Volcano |       0 |    3754 | 100.0 |       0 |      12 | 100.0
            +---------+---------+-------+---------+---------+-------
